 Dungeon Crawl Stone Soup version 0.29.1-1-gd02db6906a (webtiles) character file.

Game seed: 15871950437664441027

2377 RogueRain17 the Blocker (level 9, 57/74 HPs)
             Began as a Gnoll Fighter on Oct 11, 2022.
             Was an Initiate of Ashenzari.
             Quit the game on level 7 of the Dungeon.
             The game lasted 00:18:15 (7893 turns).

RogueRain17 the Blocker (Gnoll Fighter)             Turns: 7893, Time: 00:18:16

Health: 57/74      AC: 13    Str: 19    XL:     9   Next: 45%
Magic:  15/15      EV: 11    Int: 12    God:    Ashenzari [......]
Gold:   111        SH:  5    Dex: 11    Spells: 16/16 levels left

rFire   . . .      SeeInvis .   a - +0 war axe
rCold   . . .      Faith    .   c - +0 buckler "Cursed With Me" {Comp, Evo} (curse)
rNeg    + . .      Spirit   .   b - +0 scale mail
rPois   +          Reflect  .   F - +2 helmet
rElec   +          Harm     .   (no cloak)
rCorr   .          Rampage  .   i - +1 pair of gloves of Jidgh {rElec rPois Str+3 Stlth+}
Will    .....                   (no boots)
Stlth   ++........              (no amulet)
HPRegen 0.22/turn               d - ring of positive energy
MPRegen 0.14/turn               (no ring)

@: mildly poisoned (57 -> 47)
A: fangs 1, strong nose, distributed training
a: Renounce Religion, Curse Item, Shatter the Chains


You were on level 7 of the Dungeon.
You worshipped Ashenzari.
Ashenzari was noncommittal.
You visited 2 branches of the dungeon, and saw 8 of its levels.
You also visited: Sewer.

You collected 372 gold pieces.
You spent 261 gold pieces at shops.

Inventory:

Hand Weapons
 a - a +0 war axe (weapon)
 f - a +2 vorpal sling
 y - a +0 arbalest
Armour
 b - a +0 scale mail (worn)
 c - the cursed +0 buckler "Cursed With Me" (worn) {Comp, Evo}

   It has a curse which improves the following skills: Companions: Summonings
   and Necromancy.
   Evocations: Evocations.
 i - the +1 pair of gloves of Jidgh (worn) {rElec rPois Str+3 Stlth+}
   (You found it on level 6 of the Dungeon)

   Str:       It affects your strength (+3).
   rElec:     It insulates you from electricity.
   rPois:     It protects you from poison.
   Stlth:     It makes you more stealthy.
 w - a +0 helmet
 F - a +2 helmet (worn)
Jewellery
 d - a ring of positive energy (left hand)
 n - a ring of ice
Wands
 g - a wand of flame (18)
 E - a wand of charming (5)
Scrolls
 e - 2 scrolls of immolation
 j - 2 scrolls of vulnerability
 k - a scroll of poison
 l - a scroll of fear
 t - a scroll of torment
 u - 2 scrolls of teleportation
 x - 3 scrolls of fog {unknown}
 A - a scroll of summoning {unknown}
Potions
 h - a potion of attraction {unknown}
 m - 2 potions of degeneration {unknown}
 o - a potion of flight {unknown}
 p - 2 potions of lignification {unknown}
 q - 3 potions of curing
 r - 4 potions of mutation {unknown}
 s - 5 potions of heal wounds
 v - 2 potions of resistance {unknown}
 z - a potion of berserk rage {unknown}
 B - a potion of invisibility {unknown}
 C - 3 potions of might
 D - a potion of magic {unknown}


   Skills:
 + Level 8.0 Fighting
 + Level 4.4 Short Blades
 + Level 4.4 Long Blades
 + Level 6.4 Axes
 + Level 4.4 Maces & Flails
 + Level 4.4 Polearms
 + Level 4.4 Staves
 + Level 4.4 Ranged Weapons
 + Level 4.4 Throwing
 + Level 8.0 Armour
 + Level 4.4 Dodging
 + Level 4.4 Stealth
 + Level 8.0 Shields
 + Level 4.4 Unarmed Combat
 + Level 4.4 Spellcasting
 + Level 3.6 Conjurations
 + Level 3.6 Hexes
 + Level 3.6(4.0) Summonings
 + Level 3.6(4.0) Necromancy
 + Level 3.6 Translocations
 + Level 3.6 Transmutations
 + Level 3.6 Fire Magic
 + Level 3.6 Ice Magic
 + Level 3.6 Air Magic
 + Level 3.6 Earth Magic
 + Level 3.6 Poison Magic
 + Level 4.9 Invocations
 + Level 4.4(4.8) Evocations


You had 16 spell levels left.
You didn't know any spells.
Your spell library contained the following spells:

 Spells                   Type           Power      Damage    Failure   Level
 Conjure Flame            Conj/Fire      11%        6-21      41%         3
 Ignite Poison            Fire/Tmut/Pois 11%        N/A       41%         3
 Mephitic Cloud           Conj/Pois/Air  11%        N/A       41%         3
 Leda's Liquefaction      Hex/Erth       5%         N/A       83%         4
 Sticky Flame             Conj/Fire      11%        2d3       83%         4
 Freezing Cloud           Conj/Ice/Air   5%         6-21      99%         5
 Lee's Rapid Deconstruct  Erth           5%         3d7*      99%         5
 Statue Form              Tmut/Erth      7%         N/A       100%        6


Dungeon Overview and Level Annotations

Branches:
Dungeon (7/15)             Temple (1/1) D:4           Sewer (visited)

Altars:
Ashenzari
Cheibriados
Dithmenos
Elyvilon
Fedhas
Gozag
Hepliaklqana
Makhleb
Nemelex Xobeh
Okawaru
Qazlal
Ru
Trog
Uskayaw
Xom
Yredelemnul
The Shining One

Shops:
D:4 *!

Portals:
Abyss: D:5

Annotations:
D:5 2 transporters, Fractals's ghost, novice HuFE


Innate Abilities, Weirdness & Mutations

You have very sharp teeth.
Your uncanny sense of smell can sniff out nearby items.
Your experience applies equally to all skills.


Message History

There is a stone staircase leading down here.
You climb downwards.
Found a sling.
There is a stone staircase leading up here.
You see here a +0 sling.
A killer bee comes into view.
A killer bee comes into view.
A killer bee comes into view.
The killer bee stings you but does no damage.
You barely miss the killer bee.
The killer bee buzzes angrily.
You hear a shout!
The killer bee stings you. The killer bee barely misses you.
The killer bee buzzes angrily.
You hit the killer bee but do no damage.
You hear a shout!
The killer bee closely misses you. The killer bee stings you.
You block the killer bee's attack.
You miss the killer bee. You closely miss the killer bee.
Your bite misses the killer bee. You barely miss the killer bee.
The killer bee stings you. The killer bee closely misses you.
You block the killer bee's attack. The killer bee misses you.
You slash the killer bee!
The killer bee is heavily wounded.
You miss the killer bee. You barely miss the killer bee.
The killer bee closely misses you.
The killer bee stings you but does no damage.
The killer bee completely misses you. The killer bee stings you.
The killer bee closely misses you.
The killer bee stings you but does no damage.
The killer bee barely misses you. You block the killer bee's attack.
The killer bee stings you but does no damage.
You completely miss the killer bee.
The killer bee is heavily wounded.
You miss the killer bee. You slash the killer bee! The killer bee stings you.
The killer bee closely misses you. x2; The killer bee stings you.
You are poisoned.
The killer bee poisons you! The killer bee barely misses you.
The killer bee misses you.
Are you sure you want to abandon this character and quit the game? (Confirm with "yes".)

###########
#.<).......
#.#.######.
#.#.#
#.#.#######
#..........
#...######.
#...# #.@y#
#yy.# #...#
.....
#....##
#.....
#....#
###...


You could see 3 killer bees.

Vanquished Creatures
  2 yaks (D:6)
  Duvessa (D:6)
  A black bear (D:6)
  2 sky beasts (D:6)
  An ice beast (D:6)
  A centaur (D:6)
  2 phantoms (D:5)
  2 kobold brigands
  3 necrophages
  A scorpion (D:6)
  A howler monkey (D:5)
  2 jellies
  2 hounds (D:5)
  An orc priest (D:6)
  7 iguanas
  Jessica (D:2)
  An orc wizard (D:6)
  Natasha (thrice) (D:2)
  Robin (D:2)
  4 gnolls (D:5)
  11 adders
  A river rat (Sewer)
  3 dart slugs
  10 orcs
  15 endoplasms
  3 giant cockroaches
  17 goblins
  9 hobgoblins
  5 jackals
  18 kobolds
  A quokka (D:2)
  15 ball pythons
  6 bats
  5 frilled lizards
  8 rats
166 creatures vanquished.

Vanquished Creatures (collateral kills)
  2 yaks (D:6)
  Dowan (D:6)
  An orc (D:6)
4 creatures vanquished.

Vanquished Creatures (others)
  An orc priest (D:6)
  8 plants (Sewer)
9 creatures vanquished.

Grand Total: 179 creatures vanquished

Notes
Turn   | Place    | Note
-------+----------+-------------------------------------------
     0 | D:1      | RogueRain17 the Gnoll Fighter began the quest for the Orb.
     0 | D:1      | Reached XP level 1. HP: 23/23 MP: 1/1
   156 | D:1      | Reached XP level 2. HP: 29/29 MP: 2/2
   240 | D:1      | Reached XP level 3. HP: 21/35 MP: 3/3
   619 | D:1      | Reached skill level 1 in Invocations
   932 | D:2      | Noticed Jessica
   947 | D:2      | Killed Jessica
   948 | D:2      | Reached skill level 1 in Short Blades
   948 | D:2      | Reached skill level 1 in Long Blades
   948 | D:2      | Reached skill level 1 in Maces & Flails
   948 | D:2      | Reached skill level 1 in Polearms
   948 | D:2      | Reached skill level 1 in Staves
   948 | D:2      | Reached skill level 1 in Ranged Weapons
   948 | D:2      | Reached skill level 1 in Throwing
   948 | D:2      | Reached skill level 1 in Dodging
   948 | D:2      | Reached skill level 1 in Stealth
   948 | D:2      | Reached skill level 1 in Unarmed Combat
   948 | D:2      | Reached skill level 1 in Spellcasting
   948 | D:2      | Reached skill level 1 in Evocations
   948 | D:2      | Reached XP level 4. HP: 24/41 MP: 5/5
  1085 | D:2      | Found a faded altar of an unknown god.
  1088 | D:2      | Noticed Robin
  1098 | D:2      | Reached skill level 1 in Conjurations
  1098 | D:2      | Reached skill level 1 in Hexes
  1098 | D:2      | Reached skill level 1 in Summonings
  1098 | D:2      | Reached skill level 1 in Necromancy
  1098 | D:2      | Reached skill level 1 in Translocations
  1098 | D:2      | Reached skill level 1 in Transmutations
  1098 | D:2      | Reached skill level 1 in Fire Magic
  1098 | D:2      | Reached skill level 1 in Ice Magic
  1098 | D:2      | Reached skill level 1 in Air Magic
  1098 | D:2      | Reached skill level 1 in Earth Magic
  1098 | D:2      | Reached skill level 1 in Poison Magic
  1099 | D:2      | Killed Robin
  1824 | D:2      | Noticed Natasha
  1831 | D:2      | Killed Natasha
  1832 | D:2      | Reached XP level 5. HP: 38/47 MP: 5/7
  1889 | D:2      | Found a shimmering altar of Xom.
  2020 | D:2      | Noticed Natasha
  2024 | D:2      | Killed Natasha
  2411 | D:2      | Noticed Natasha
  2420 | D:2      | Killed Natasha
  2715 | D:3      | Reached XP level 6. HP: 48/53 MP: 8/8
  3462 | D:4      | Found a staircase to the Ecumenical Temple.
  3471 | D:4      | Reached skill level 5 in Axes
  3474 | Temple   | Entered the Ecumenical Temple
  3700 | Temple   | Became a worshipper of Ashenzari the Shackled
  3948 | D:4      | Found Awaet's Distillery.
  3951 | D:4      | Bought 2 potions of curing for 66 gold pieces
  3951 | D:4      | Bought a potion of heal wounds for 55 gold pieces
  3951 | D:4      | Bought a potion of heal wounds for 55 gold pieces
  3951 | D:4      | Bought a potion of heal wounds for 55 gold pieces
  4046 | D:4      | Found a bloodstained altar of Trog.
  4403 | D:4      | Found Xemoge's General Store.
  4408 | D:4      | Found Buicw's Specific Store.
  4413 | D:4      | Bought a scroll of teleportation for 30 gold pieces
  4479 | D:5      | Entered Level 5 of the Dungeon
  4761 | D:5      | Reached XP level 7. HP: 52/60 MP: 10/10
  4835 | D:5      | Noticed a small abomination
  4966 | D:5      | Found a transporter.
  4981 | D:5      | Noticed Fractals's ghost (novice HuFE)
  5130 | D:5      | Found a transporter.
  5284 | D:5      | Found a one-way gate to the infinite horrors of the Abyss.
  5550 | D:6      | Noticed Duvessa
  5550 | D:6      | Noticed Dowan
  5597 | D:6      | Identified the +1 pair of gloves of Jidgh {rElec rPois
                  | Str+3 Stlth+}
  5634 | D:6      | Reached XP level 8. HP: 46/67 MP: 12/12
  5797 | D:6      | Found a glowing drain.
  5804 | Sewer    | Entered a sewer
  6845 | D:6      | Noticed a yak
  6846 | D:6      | Noticed a yak
  6962 | D:6      | Noticed a yak
  6965 | D:6      | Noticed a yak
  6972 | D:6      | Killed a yak
  6973 | D:6      | Reached XP level 9. HP: 74/74 MP: 13/15
  7016 | D:6      | Killed Dowan
  7020 | D:6      | Killed Duvessa
  7822 | D:6      | Found a snail-covered altar of Cheibriados.
  7893 | D:7      | Quit the game

Illustrated notes

Levels and vault maps discovered:
D:1:      lightli_arrival_farm, layout_rooms, supply_closet_lemuel
D:2:      layout_basic, nicolae_ecumenical_pavilion, basic_altar, uniq_natasha,
          uniq_jessica, uniq_robin
D:3:      layout_basic
D:4:      layout_basic, trog_three_pillars_becter, temple_fountains,
          serial_shops, kennysheep_mini_moat, nicolae_specific_store
D:5:      layout_basic, gammafunk_ghost_abyssal_escape
D:6:      layout_cave_pools, mainiacjoe_overflow_alcove_4,
          cheibrodos_sewer_entry_sluice, uniq_duvessa
D:7:      layout_loops_ring, grunt_temple_overflow_magic_moments, uniq_menkaure
Temple:   bh_familiar_temple

Skill      XL: |  1  2  3  4  5  6  7  8  9 |
---------------+----------------------------+-----
Invocations    | 1 2 3 4 |  4.9
Short Blades   | 1 2 3 4 |  4.4
Long Blades    | 1 2 3 4 |  4.4
Maces & Flails | 1 2 3 4 |  4.4
Polearms       | 1 2 3 4 |  4.4
Staves         | 1 2 3 4 |  4.4
Ranged Weapons | 1 2 3 4 |  4.4
Throwing       | 1 2 3 4 |  4.4
Dodging        | 1 2 3 4 |  4.4
Stealth        | 1 2 3 4 |  4.4
Unarmed Combat | 1 2 3 4 |  4.4
Spellcasting   | 1 2 3 4 |  4.4
Evocations     | 1 2 3 4 |  4.4
Conjurations   | 1 2 3 |  3.6
Hexes          | 1 2 3 |  3.6
Summonings     | 1 2 3 |  3.6
Necromancy     | 1 2 3 |  3.6
Translocations | 1 2 3 |  3.6
Transmutations | 1 2 3 |  3.6
Fire Magic     | 1 2 3 |  3.6
Ice Magic      | 1 2 3 |  3.6
Air Magic      | 1 2 3 |  3.6
Earth Magic    | 1 2 3 |  3.6
Poison Magic   | 1 2 3 |  3.6
Axes           | 5 6 |  6.4
Fighting       | 7 8 |  8.0
Armour         | 7 8 |  8.0
Shields        | 7 8 |  8.0

Action                   |  1- 3 |  4- 6 |  7- 9 || total
-------------------------+-------+-------+-------++-------
Melee: War axe           |    59 |   164 |   295 ||   518
       Bite              |     1 |    10 |    23 ||    34
Invok: Curse Item        |       |     1 |       ||     1
Evoke: Wand              |       |       |     6 ||     6
  Use: Potion            |       |     2 |       ||     2
       Scroll            |       |       |     5 ||     5
 Stab: Sleeping          |       |       |     2 ||     2
Armor: Scale mail        |    31 |    84 |   166 ||   281
Dodge: Dodged            |    25 |    61 |   182 ||   268
Block: Buckler           |    15 |    50 |    97 ||   162
